 Dungeon Crawl Stone Soup version 0.25-a0-589-g1e14c549ee (webtiles) character file.

Game seed: 11034995595273010378, levelgen mode: deterministic

72 Fukker the Caller (level 4, -4/24 HPs)
             Began as a Tengu Summoner on Mar 12, 2020.
             Slain by a gnoll
             ... wielding a +0 club
              (7 damage)
             ... on level 2 of the Dungeon.
             The game lasted 00:04:25 (1117 turns).

Fukker the Caller (Tengu Summoner)                  Turns: 1117, Time: 00:04:26

Health: -4/24      AC:  5    Str:  8    XL:     4   Next: 25%
Magic:  1/9        EV: 12    Int: 17    God:
Gold:   35         SH:  0    Dex: 14    Spells: 5/8 levels left

rFire    . . .     SeeInvis .   k - +2 dagger (flame)
rCold    . . .     Gourm    .   (no shield)
rNeg     . . .     Faith    .   a - +0 robe
rPois    .         Spirit   .   (helmet restricted)
rElec    .         Reflect  .   l - +2 cloak
rCorr    .         Harm     .   (no gloves)
MR       .....                  (boots unavailable)
Stlth    ++........             (no amulet)
HPRegen  0.08/turn              (no ring)
MPRegen  0.11/turn              (no ring)

@: no status effects
A: beak, talons 3
a: no special abilities


You were on level 2 of the Dungeon.
You were near starving.

You visited 1 branch of the dungeon, and saw 2 of its levels.

You collected 35 gold pieces.

Inventory:

Hand Weapons
 f - a +0 dagger
 g - a +0 short sword
 k - a +2 dagger of flaming (weapon)
Missiles
 b - 34 stones (quivered)
 i - 15 poisoned darts
Armour
 a - a +0 robe (worn)
 l - a +2 cloak (worn)
Jewellery
 h - an uncursed amulet of the acrobat {unknown}
Scrolls
 e - a scroll of fog {unknown}
 j - a scroll of remove curse {unknown}
Potions
 d - 2 potions of mutation {unknown}
Comestibles
 c - a ration


   Skills:
 + Level 0.7 Fighting
 + Level 1.0 Short Blades
 - Level 2.1 Dodging
 - Level 2.0 Stealth
 + Level 2.8 Spellcasting
 + Level 5.8 Summonings


You had 5 spell levels left.
You knew the following spells:

 Your Spells              Type           Power        Failure   Level  Hunger
a - Summon Small Mammal   Summ           ###.         1%          1    #......
b - Call Imp              Summ           ###.....     2%          2    ##.....

Your spell library contained the following spells:

 Spells                   Type           Power        Failure   Level  Hunger
 Call Canine Familiar     Summ           ###.....     4%          3    ###....
 Summon Guardian Golem    Hex/Summ       ##......     16%         3    ###....
 Summon Ice Beast         Ice/Summ       ##......     47%         4    #####..
 Summon Lightning Spire   Summ/Air       ##......     47%         4    #####..


Dungeon Overview and Level Annotations

Branches:
Dungeon (2/15)

Altars:


Innate Abilities, Weirdness & Mutations

You have a beak for a mouth.
You have claws for feet.


Message History

Your shadow imp disappears in a puff of smoke!
Your crimson imp blinks!
You swap places.
Your crimson imp barely misses the gnoll.
There is a stone staircase leading up here.
You hit the gnoll but do no damage. You claw the gnoll.
The gnoll is severely wounded.
Your crimson imp hits the gnoll.
The gnoll hits you with a +0 club!
* * * LOW HITPOINT WARNING * * *
Your crimson imp hits the gnoll but does no damage.
Your crimson imp barely misses the gnoll.
Your crimson imp blinks!
You see here an adder skeleton.
The gnoll hits you with a +0 club.
* * * LOW HITPOINT WARNING * * *
You see here an adder skeleton.
Casting: Call Imp (safe; 2% risk of failure)
Confirm with . or Enter, or press ? or * to list all spells.
The gnoll hits you with a +0 club!
You die...

..# #.# . #.## .. ##+######..##
...##...........#
..............r.##..#
.................#..#
......)......@g÷.#..# #
.....g...######.5#..# #
.......#)######..#..# #
######+#5#......5#..# #
#........#.#####5#..### #
####........# ##....5.# #
............# +.......# #
............# ##......# #
............########)....########


You could see a gnoll, a friendly crimson imp and a friendly rat.

Vanquished Creatures
  2 giant cockroaches (D:1)
  4 goblins
  A hobgoblin (D:1)
  3 bats
  2 kobolds (D:1)
  5 rats
17 creatures vanquished.

Vanquished Creatures (collateral kills)
  Natasha (twice) (D:2)
  2 gnolls (D:2)
  2 adders (D:2)
  A leopard gecko (D:1)
  A giant cockroach (D:1)
  A goblin (D:1)
  A hobgoblin (D:1)
  A quokka (D:2)
  2 bats
  2 kobolds (D:1)
  2 rats (D:1)
17 creatures vanquished.

Grand Total: 34 creatures vanquished

Notes
Turn   | Place    | Note
-------+----------+-------------------------------------------
     0 | D:1      | Fukker the Tengu Summoner began the quest for the Orb.
     0 | D:1      | Reached XP level 1. HP: 10/10 MP: 4/4
    55 | D:1      | Reached skill level 5 in Summonings
   286 | D:1      | Reached XP level 2. HP: 6/15 MP: 3/6
   454 | D:1      | Learned a level 2 spell: Call Imp
   782 | D:2      | Reached XP level 3. HP: 15/20 MP: 0/7
   972 | D:2      | Noticed Natasha
   984 | D:2      | Killed Natasha
  1063 | D:2      | Noticed Natasha
  1073 | D:2      | Reached skill level 1 in Short Blades
  1093 | D:2      | Killed Natasha
  1093 | D:2      | Reached XP level 4. HP: 17/24 MP: 1/9
  1117 | D:2      | Slain by a gnoll

Levels and vault maps discovered:
D:1:      minmay_arrival_diagonal_passages, layout_rooms, serial_bayou_pond_a,
          minmay_misc_feat_pillars
D:2:      layout_basic, uniq_natasha

Skill      XL: |  1  2  3 |
---------------+----------+-----
Summonings     | 5 |  5.8
Short Blades   | 1 |  1.0
Fighting       | |  0.7
Dodging        | |  2.1
Stealth        | |  2.0
Spellcasting   | |  2.8

Action                   |  1- 3 |  4- 6 || total
-------------------------+-------+-------++-------
Melee: Dagger            |    40 |     1 ||    41
       Unarmed           |    10 |       ||    10
       Kick              |    12 |     1 ||    13
       Peck              |     9 |       ||     9
       Short sword       |    22 |       ||    22
 Cast: Summon Small Mamm |     8 |     1 ||     9
       Call Imp          |    12 |     1 ||    13
 Stab: Sleeping          |     5 |       ||     5
Armor: Robe              |    18 |       ||    18
Dodge: Dodged            |    56 |       ||    56

Table legend:
 A = Non-vault XP
 B = Vault XP
 C = Vault XP percentage of total XP
 D = Non-vault monster count
 E = Vault monster count
 F = Vault count percentage of total count
                 A         B        C        D         E       F
            +---------+---------+-------+---------+---------+-------
      Total |      84 |      19 |  18.4 |      33 |       1 |   2.9
            +---------+---------+-------+---------+---------+-------
        D:1 |      28 |       0 |   0.0 |      21 |       0 |   0.0
        D:2 |      56 |      19 |  25.3 |      12 |       1 |   7.7
            +---------+---------+-------+---------+---------+-------
